AoeStats
← Comend x comend

African Clearing

506314933Analyzed
4v4 RM · 19d ago on Sep 13, 2026· 47m 13s· 8 players
Game mode
Random Map
Map size
Large (8 player)
Population
200
Speed
Normal
Resources
Standard
Victory
Conquest
Starting age
Dark Age
Ending age
Imperial Age
RankedLock teamsTeams togetherTeam positionsShared explorationLock speedFull tech treeHidden civsTurbo modeCheats
Victory
Defeat
🇨🇦 Spanish · Canada
1379
+15
🇺🇸 Berbers · United States
1371
+16
🇺🇸 Vietnamese · United States
1340
+17
🇨🇦 Mongols · Canada
1328
+17
🇨🇳 Magyars · China
1418
-18
🇵🇪 Vikings · Peru
1397
-18
🇨🇴 Khmer · Colombia
1319
-35
🇵🇪 Mongols · Peru
1306
-14
peterzjx
8:26 Loom
13:00 Feudal Age
17:58 Castle Age
18:55 Scale Barding Armor
19:45 Bloodlines
27:34 Double-Bit Axe
29:07 Horse Collar
29:41 Bow Saw
32:15 Fletching
32:25 Padded Archer Armor
33:08 Wheelbarrow
32:18 Town Watch
33:17 Chain Barding Armor
34:14 Bodkin Arrow
34:35 Leather Archer Armor
34:29 Husbandry
37:59 Imperial Age
35:55 Ballistics
35:29 Gold Mining
36:19 Hand Cart
38:04 Thumb Ring
38:43 Bracer
40:26 Ring Archer Armor
40:24 Conscription
41:58 Gold Shaft Mining
41:13 Stone Mining
42:21 Kasbah
43:11 Elite Camel Archer
43:53 Maghrebi Camels
44:57 Elite Camel Archer
45:38 Maghrebi Camels
45:11 Capped Ram
47:08 Chemistry
TuxedoMask
5:35 Loom
14:07 Feudal Age
14:39 Double-Bit Axe
15:04 Horse Collar
22:38 Castle Age
21:35 Forging
21:56 Scale Barding Armor
22:20 Bloodlines
22:43 Light Cavalry
23:35 Bow Saw
24:12 Heavy Plow
27:41 Iron Casting
27:15 Town Watch
27:52 Husbandry
27:46 Gold Mining
33:32 Chain Barding Armor
34:51 Fletching
38:24 Padded Archer Armor
39:02 Bodkin Arrow
41:39 Wheelbarrow
42:28 Leather Archer Armor
46:16 Imperial Age
44:01 Hand Cart
44:18 Chatras
45:07 Town Patrol
46:19 Elite Battle Elephant
48:31 Two-Man Saw
48:11 Plate Barding Armor
Schvank
11:07 Feudal Age
12:18 Double-Bit Axe
14:50 Loom
19:53 Castle Age
19:07 Stone Mining
27:06 Bow Saw
29:12 Horse Collar
30:31 Wheelbarrow
31:52 Heavy Plow
32:49 Hand Cart
33:14 Stone Shaft Mining
32:30 Gold Mining
36:43 Gold Shaft Mining
39:17 Imperial Age
36:55 Fletching
37:08 Padded Archer Armor
37:17 Husbandry
37:27 Bloodlines
36:38 Light Cavalry
38:14 Thumb Ring
39:12 Ballistics
39:09 Leather Archer Armor
38:50 Bodkin Arrow
39:13 Leather Archer Armor
39:29 Elite Mangudai
40:34 Conscription
40:55 Parthian Tactics
40:44 Bracer
42:18 Chemistry
46:29 Capped Ram
CSA_HW_Mercer
6:12 Loom
12:48 Feudal Age
19:03 Castle Age
17:57 Double-Bit Axe
18:25 Gold Mining
18:46 Horse Collar
24:23 Bow Saw
28:49 Padded Archer Armor
30:27 Wheelbarrow
30:13 Leather Archer Armor
33:52 Town Watch
34:03 Stone Mining
35:12 Bloodlines
37:31 Hand Cart
39:58 Imperial Age
38:51 Scale Barding Armor
38:57 Forging
38:50 Husbandry
40:02 Cavalier
42:19 Chain Barding Armor
43:40 Fletching
45:23 Two-Man Saw
44:20 Bodkin Arrow
44:56 Ring Archer Armor
44:22 Elite Skirmisher
45:30 Imperial Skirmisher
46:26 Bracer
47:06 Thumb Ring
Comend x comend
8:00 Loom
14:21 Feudal Age
14:58 Double-Bit Axe
18:36 Castle Age
17:25 Stone Mining
22:38 Horse Collar
25:27 Wheelbarrow
29:07 Bow Saw
29:58 Stone Shaft Mining
30:57 Gold Mining
32:47 Gold Shaft Mining
35:08 Imperial Age
33:27 Ballistics
33:05 Town Watch
35:10 Hand Cart
35:14 Town Patrol
35:31 Nomads
36:46 Elite Mangudai
38:41 Chemistry
38:20 Fletching
38:31 Padded Archer Armor
46:59 Leather Archer Armor
46:39 Bodkin Arrow
47:11 Drill
徽sir
5:41 Loom
13:15 Feudal Age
16:57 Castle Age
15:11 Double-Bit Axe
15:46 Horse Collar
22:13 Scale Mail Armor
24:04 Fletching
26:21 Padded Archer Armor
28:13 Bow Saw
28:26 Bodkin Arrow
29:42 Wheelbarrow
30:00 Leather Archer Armor
32:01 Thumb Ring
32:12 Gold Mining
35:01 Ballistics
35:45 Gold Shaft Mining
40:45 Imperial Age
38:16 Stone Mining
39:57 Scale Barding Armor
41:41 Hand Cart
41:36 Bracer
42:28 Hand Cart
42:55 Husbandry
43:55 Bloodlines
43:06 Light Cavalry
45:18 Ring Archer Armor
45:50 Chemistry
46:07 Conscription
45:49 Recurve Bow
46:23 Heavy Cavalry Archer
47:09 Town Watch
CROVERS
12:50 Feudal Age
16:44 Castle Age
15:05 Double-Bit Axe
18:24 Bow Saw
23:48 Loom
24:46 Fletching
24:56 Padded Archer Armor
26:36 Bodkin Arrow
26:31 Elite Skirmisher
30:34 Horse Collar
34:16 Imperial Age
31:24 Crossbowman
32:14 Gold Mining
33:28 Town Watch
34:29 Ballistics
34:13 Town Patrol
35:16 Bracer
36:20 Chemistry
34:48 Arbalester
36:53 Gold Shaft Mining
37:07 Conscription
37:24 Stone Mining
41:18 Bogsveigar
41:26 Pikeman
42:49 Squires
43:02 Forging
43:22 Leather Archer Armor
45:23 Ring Archer Armor
47:54 Iron Casting
47:19 Scale Mail Armor
半夏花凉
3:58 Loom
13:54 Feudal Age
16:36 Castle Age
15:15 Horse Collar
15:42 Double-Bit Axe
17:28 Bow Saw
Connection lost

Rejoining the realm…

Still unreachable

The connection could not be restored.

Session expired

The server has moved on; the page needs a fresh start.